 Dungeon Crawl Stone Soup version 0.27-a0-1065-ge809cff456 (console) character file.

Game seed: 8887981153474072648

125 nht the Charlatan (level 4, -2/32 HPs)
             Began as a Demonspawn Artificer on Apr 23, 2021.
             Slain by a gnoll
             ... wielding a +0 flail
              (12 damage)
             ... on level 3 of the Dungeon.
             The game lasted 00:05:13 (2254 turns).

nht the Charlatan (Demonspawn Artificer)            Turns: 2254, Time: 00:05:14

Health: -2/32      AC:  4    Str: 12    XL:     4   Next: 82%
Magic:  4/4        EV: 11    Int: 13    God:
Gold:   125        SH:  0    Dex: 14    Spells: 3/3 levels left

rFire    . . .     SeeInvis .   j - +0 quarterstaff
rCold    . . .     Faith    .   (shield currently unavailable)
rNeg     . . .     Spirit   .   b - +0 leather armour
rPois    .         Reflect  .   (helmet restricted)
rElec    .         Harm     .   (no cloak)
rCorr    .         Rampage  .   (no gloves)
Will     .....                  (no boots)
Stlth    +.........             (no amulet)
HPRegen  0.10/turn              q - ring of wizardry
MPRegen  0.09/turn              (no ring)

@: no status effects
A: antennae 1, foul stench 1, sharp scales 1
a: no special abilities


You were on level 3 of the Dungeon.
You visited 1 branch of the dungeon, and saw 3 of its levels.

You collected 125 gold pieces.

Inventory:

Hand Weapons
 a - a +0 club
 g - a +0 dagger
 i - a +0 short sword
 j - a +0 quarterstaff (weapon)
Missiles
 s - 6 curare-tipped darts
Armour
 b - a +0 leather armour (worn)
Jewellery
 q - a ring of wizardry (left hand)
Wands
 c - a wand of flame (1) (quivered)
 d - a wand of charming (8)
Scrolls
 f - 2 scrolls of identify {unknown}
 m - a scroll of noise {unknown}
 n - 2 scrolls of magic mapping {unknown}
 r - a scroll of enchant weapon {unknown}
 t - a scroll of vulnerability {unknown}
Potions
 h - a potion of cancellation {unknown}
 k - a potion of haste {unknown}
 l - a potion of curing
 o - 2 potions of flight {unknown}
 p - 2 potions of lignification {unknown}
Miscellaneous
 e - a piece from Xom's chessboard (15/15)


   Skills:
 - Level 1.0 Fighting
 - Level 1.7 Armour
 - Level 0.8 Dodging
 - Level 0.8 Stealth
 + Level 5.6 Evocations


You had 3 spell levels left.
You didn't know any spells.
Your spell library was empty.

Dungeon Overview and Level Annotations

Branches:
Dungeon (3/15)

Altars:
Uskayaw

Shops:
D:1 **:?[


Innate Abilities, Weirdness & Mutations

You have a pair of small antennae on your head.
You may rarely emit foul miasma when damaged in melee.
You are partially covered in razor-sharp scales. (AC +1, Slay +1)


Message History

The gnoll hits your gnoll but does no damage.
You barely miss the gnoll.
The gnoll is moderately wounded.
Your gnoll hits the gnoll with a +0 flail.
The gnoll barely misses you.
Your gnoll hits the gnoll with a +0 whip.
You hit the gnoll.
You kill the gnoll!
The gnoll misses you. What are your orders? t - Shout!
Orders for allies: a - Attack new target. r - Retreat! s - Stop attacking. g - Guard the area. f - Follow me.
Anything else - Cancel.
Gang up on whom?
Press: ? - help, Dir - move target, f - gnoll
Aim: a gnoll, wielding a +0 halberd Attack!
Your gnoll barely misses the gnoll.
The gnoll hits you from afar with a +0 halberd.
Your gnoll hits the gnoll with a +0 flail!
Your gnoll hits the gnoll with a +0 whip!
The gnoll dies!
The gnoll is no longer charmed.
The gnoll hits you with a +0 flail!
You hit the gnoll but do no damage.
Your gnoll hits the gnoll with a +0 whip.
The gnoll hits you with a +0 flail!
* * * LOW HITPOINT WARNING * * *
Your gnoll barely misses the gnoll.
The gnoll closely misses you.
Your gnoll hits the gnoll with a +0 whip.
The gnoll is no longer charmed.
Aiming: Charm
Press: ? - help, Shift-Dir - straight line, f - gnoll
Aim: a gnoll, wielding a +0 flail (almost dead, chance to affect: 71%)
Okay, then.
Unknown command.
You completely miss the gnoll.
The gnoll is almost dead.
The gnoll hits you with a +0 flail!
You die...

........█......).........█
███....>..............<..██
........................███
[..........................
.█.█..<....).........██.██
█.█.█......................
█.█.█.█...............█████.█
█.............██..)...█ █.█
██....█....g@....█..███ █..
.....█.............███ ███
█████.......g.██.██.....█ ████.
.█...█.........██.██.███.███....
......█.........█......█.....███
.......██.....█.███........███ █
.......█..█.█...█.........██ █
.....))..██.██....██......██
.......████.██.........██..█


You could see 2 gnolls.

Vanquished Creatures
  2 gnolls
  2 adders (D:3)
  2 worms (D:2)
  2 orcs (D:3)
  5 ball pythons
  3 endoplasms
  3 giant cockroaches (D:1)
  5 goblins
  6 hobgoblins
  4 jackals (D:1)
  5 kobolds
  2 quokkas (D:1)
  3 bats
  6 frilled lizards
  3 rats (D:3)
53 creatures vanquished.

Vanquished Creatures (collateral kills)
  An orc wizard (D:3)
  2 gnolls
  A giant cockroach (D:3)
4 creatures vanquished.

Vanquished Creatures (others)
  An adder (D:3)
  2 gnolls (D:2)
3 creatures vanquished.

Grand Total: 60 creatures vanquished

Notes
Turn   | Place    | Note
-------+----------+-------------------------------------------
     0 | D:1      | nht the Demonspawn Artificer began the quest for the Orb.
     0 | D:1      | Reached XP level 1. HP: 15/15 MP: 1/1
   152 | D:1      | Found Ilokhaph's General Store.
   162 | D:1      | Found Tefafock's Book Shop.
   196 | D:1      | Found Nann's General Store.
   229 | D:1      | Gained mutation: You have a pair of small antennae on your
                  | head. [demonic ancestry]
   229 | D:1      | Reached XP level 2. HP: 21/21 MP: 2/2
   455 | D:1      | Found Ogoutuba's Antique Armour Shop.
   473 | D:1      | Found Huikoade's Magic Scroll Shoppe.
   487 | D:1      | Reached skill level 4 in Evocations
   723 | D:1      | Found a faded altar of an unknown god.
   803 | D:1      | Gained mutation: You may rarely emit foul miasma when
                  | damaged in melee. [demonic ancestry]
   803 | D:1      | Reached XP level 3. HP: 26/26 MP: 3/3
  1591 | D:3      | Gained mutation: You are partially covered in razor-sharp
                  | scales. (AC +1, Slay +1) [demonic ancestry]
  1591 | D:3      | Reached XP level 4. HP: 32/32 MP: 4/4
  1593 | D:3      | Reached skill level 5 in Evocations
  2162 | D:3      | Found a hide-covered altar of Uskayaw.
  2254 | D:3      | Slain by a gnoll

Illustrated notes

Levels and vault maps discovered:
D:1:      matt_arrival_refuge, layout_loops_ring,
          hellmonk_ecumenical_altar_run_dry, serial_shops, shop, shop,
          shop_statue, nicolae_shop_stone,
          nicolae_shop_temple_entry_statues_fountains
D:2:      layout_basic, minmay_bisected
D:3:      layout_rooms, overflow_temple_1_default, minmay_between

Skill      XL: |  1  2  3  4 |
---------------+-------------+-----
Evocations     | 4 5 |  5.6
Fighting       | |  1.0
Armour         | |  1.7
Dodging        | |  0.8
Stealth        | |  0.8

Action                   |  1- 3 |  4- 6 || total
-------------------------+-------+-------++-------
Melee: Club              |     6 |       ||     6
       Quarterstaff      |    70 |    36 ||   106
Evoke: Wand              |    19 |     2 ||    21
  Use: Potion            |       |     1 ||     1
 Stab: Sleeping          |     2 |     2 ||     4
Armor: Leather armour    |    16 |    15 ||    31
Dodge: Dodged            |    42 |    27 ||    69

Table legend: (Time is in decaauts)
 A = Elapsed time spent in this place.
 B = Non-inter-level travel time spent in this place.
 C = Inter-level travel time spent in this place.
 D = Time resting spent in this place.
 E = Time spent auto-exploring this place.
 F = Levels seen in this place.
 G = Mean time per level.
                   A        B        C        D        E       F      G
               +--------+--------+--------+--------+--------+-----+--------+
         Total |   2284 |   2219 |     65 |      0 |   1856 |   3 |  761.3 |
       Dungeon |   2284 |   2219 |     65 |      0 |   1856 |   3 |  761.3 |
               +--------+--------+--------+--------+--------+-----+--------+

Top non-repeatable levels by time:
     D:1: 970 daAuts
     D:3: 726 daAuts
     D:2: 588 daAuts
